 Dungeon Crawl Stone Soup version 0.29.0-4-gdea44cf6ec (webtiles) character file.

Game seed: 9763398822388473721

30807 qw the Brawler (level 13, 0/127 HPs)
             Began as a Troll Cinder Acolyte on Sept 2, 2022.
             Was a Priest of Okawaru.
             Succumbed to a redback's poison
             ... on level 5 of the Lair of Beasts.
             The game lasted 00:07:09 (12265 turns).

qw the Brawler (Troll Cinder Acolyte)              Turns: 12265, Time: 00:07:10

Health: 0/127      AC: 12    Str: 29    XL:     13   Next: 22%
Magic:  14/15      EV: 10    Int: 10    God:    Okawaru [***...]
Gold:   585        SH:  0    Dex:  5    Spells: 14/14 levels left

rFire   . . .      SeeInvis .     - Unarmed
rCold   . . .      Faith    .   (no shield)
rNeg    . . .      Spirit   .   m - +2 steam dragon scales
rPois   +          Reflect  .   (helmet restricted)
rElec   .          Harm     .   b - +0 cloak
rCorr   +          Rampage  .   (gloves unavailable)
Will    .....                   (boots unavailable)
Stlth   ++........              (no amulet)
HPRegen 1.11/turn               d - ring of resist corrosion
MPRegen 0.14/turn               r - ring of poison resistance

@: lethally poisoned (0 -> -22), heroic, fire susceptible
A: large, unfitting armour, claws 3, regeneration 1, shaggy fur 1, tough skin 1
a: Renounce Religion, Heroism


You were on level 5 of the Lair of Beasts.
You worshipped Okawaru.
Okawaru was most pleased with you.
You visited 3 branches of the dungeon, and saw 14 of its levels.

You collected 765 gold pieces.
You spent 180 gold pieces at shops.


Innate Abilities, Weirdness & Mutations

You are too large for most types of armour.
You have claws for hands.
Your natural rate of healing is unusually fast.
You are covered in fur. (AC +1)
You have tough skin. (AC +1)


   Skills:
 - Level 8.0(13.0) Fighting
 - Level 7.1(12.1) Throwing
 + Level 2.8(7.8) Armour
 - Level 3.2(8.2) Dodging
 - Level 18.0(23.0) Unarmed Combat
 - Level 1.0 Spellcasting
 - Level 2.1 Fire Magic
 - Level 4.1 Invocations


You had 14 spell levels left.
You didn't know any spells.
Your spell library contained the following spells:

 Spells                   Type           Power      Damage    Failure   Level
 Scorch                   Fire           8%         2d5       22%         2

Inventory:

Armour
 b - a +0 cloak (worn)
 k - a +1 robe of fire resistance
 m - +2 steam dragon scales (worn)
Jewellery
 d - a ring of resist corrosion (left claw)
 r - a ring of poison resistance (right claw)
 s - a ring of ice
Scrolls
 e - 3 scrolls of brand weapon
 h - 8 scrolls of identify
 p - a scroll of enchant weapon
Potions
 a - 2 potions of might {unknown}
 c - a potion of invisibility {unknown}
 f - 2 potions of mutation
 g - a potion of resistance
 j - a potion of haste
 n - a potion of cancellation
 o - 5 potions of curing

Dungeon Overview and Level Annotations

Branches:
Dungeon (8/15)             Temple (1/1) D:5            Lair (5/5) D:8
  Swamp (0/4) Lair:3        Snake (0/4) Lair:3        Slime (0/5) Lair:4

Altars:
Ashenzari
Cheibriados
Dithmenos
Elyvilon
Gozag
Hepliaklqana
Kikubaaqudgha
Makhleb
Nemelex Xobeh
Okawaru
Qazlal
Ru
Sif Muna
Trog
Uskayaw
Vehumet
Wu Jian
Xom
Zin
The Shining One
Jiyva

Shops:
D:3 *   D:6 *

Annotations:
Lair:4 1 runed translucent door


Message History

You completely miss the cane toad.
A redback comes into view.
You completely miss the cane toad. The cane toad barely misses you.
The cane toad stings you!
You eviscerate the cane toad!!!
You kill the cane toad!
Okawaru accepts your kill.
The guardian serpent casts a spell at you.
The redback blinks! x2; The cane toad closely misses you.
You barely miss the black mamba. The redback misses you.
The black mamba closely misses you. The redback closely misses you.
You claw the black mamba!
The black mamba is moderately wounded.
The black mamba bites you but does no damage.
The redback bites you. x2
You are poisoned.
The redback poisons you!
The cane toad stings you but does no damage.
You closely miss the black mamba.
The black mamba is moderately wounded.
You feel extremely sick.
The black mamba bites you but does no damage.
The redback closely misses you. The redback bites you!
The cane toad stings you! The guardian serpent hits you.
You closely miss the black mamba.
The black mamba is moderately wounded.
You feel very sick. The black mamba completely misses you.
The redback bites you! The redback closely misses you.
You scratch the black mamba but do no damage.
Your claw misses the black mamba.
The black mamba is moderately wounded.
You feel very sick. The guardian serpent hits you!
The black mamba bites you but does no damage.
The cane toad stings you. The redback bites you! x2
You barely miss the black mamba. Your claw misses the black mamba.
The black mamba is moderately wounded.
You die...

.
..##...##....##...##.......
...##...#....#...##...P....
....##..##..##..##....PP...
.....##/.#..#.)##......P#..
#.....##%####..#....###....
#....#..####../.### ##...
#.......##..### #..
###.#..S.####. ..
###s@S...(.. # #s.F......
#....####. ##..## ####


You could see a guardian serpent, a black mamba, a cane toad and 2 redbacks.

Vanquished Creatures
  An ice dragon (Lair:4)
  4 hydras
  3 boulder beetles
  Erica (D:8)
  2 bog bodies (Lair:3)
  A wolf spider (Lair:5)
  4 black mambas
  Joseph (D:8)
  An elephant (D:8)
  Maggie (D:6)
  5 cane toads
  7 rime drakes
  2 ice devils (Lair:4)
  7 komodo dragons
  An entropy weaver simulacrum (Lair:4)
  2 hornets (Lair:5)
  2 polar bears
  13 blink frogs
  5 dream sheep (Lair:4)
  9 wyverns
  32 yaks
  A dire elephant simulacrum (Lair:4)
  2 basilisks
  Grum (D:8)
  A redback (Lair:5)
  8 fire elementals
  Menkaure (D:6)
  2 nagas (Lair:3)
  17 water moccasins
  2 ice beasts
  2 orc warriors
  A sky beast (D:5)
  4 black bears
  A centaur (D:6)
  An ogre (D:6)
  3 wolves
  2 kobold brigands
  11 bullfrogs
  A necrophage (D:8)
  A gnoll sergeant (D:8)
  A cane toad simulacrum (Lair:4)
  A two-headed ogre simulacrum (Lair:4)
  An electric eel (Lair:1)
  3 howler monkeys (D:7)
  2 iguanas
  5 orc priests
  7 orc wizards
  2 troll simulacra (Lair:4)
  6 hell rats (Lair:4)
  A wolf simulacrum (Lair:4)
  4 gnolls (D:8)
  A river rat (D:6)
  13 adders
  A shadow imp (D:8)
  3 white imps
  2 ufetubi
  3 worms (D:3)
  6 dart slugs
  30 orcs
  4 ball pythons
  5 bats
  8 endoplasms
  9 giant cockroaches
  10 goblins
  8 hobgoblins
  4 quokkas
  4 frilled lizards
  7 kobolds
  8 rats
325 creatures vanquished.

Vanquished Creatures (others)
  29 fungi
  54 plants
83 creatures vanquished.

Grand Total: 408 creatures vanquished

Notes
Turn   | Place    | Note
-------+----------+-------------------------------------------
     0 | D:1      | qw the Troll Cinder Acolyte began the quest for the Orb.
     0 | D:1      | Reached XP level 1. HP: 22/22 MP: 1/1
     0 | D:1      | 0 ||| qw: Version: 0.1-a-97-g2dd2ca4
     0 | D:1      | 0 ||| qw: Game counter: 4941
     0 | D:1      | 0 ||| qw: Always use a shield: true
     0 | D:1      | 0 ||| qw: God list: Okawaru
     0 | D:1      | 0 ||| qw: Allow faded altars: false
     0 | D:1      | 0 ||| qw: Do Orc after D:15 true
     0 | D:1      | 0 ||| qw: Do second Lair branch before Depths: true
     0 | D:1      | 0 ||| qw: Lair rune preference: random
     0 | D:1      | 0 ||| qw: Plans: Normal
     0 | D:1      | 0 ||| PLANNING D:1-11
   101 | D:1      | Reached XP level 2. HP: 29/29 MP: 2/2
   109 | D:1      | 109 ||| Stepping ~*~*~tactically~*~*~ (hiding).
   110 | D:1      | 110 ||| Stepping ~*~*~tactically~*~*~ (hiding).
   139 | D:1      | 139 ||| Stepping ~*~*~tactically~*~*~ (stealth).
   140 | D:1      | 140 ||| Stepping ~*~*~tactically~*~*~ (stealth).
   141 | D:1      | 141 ||| Stepping ~*~*~tactically~*~*~ (stealth).
   306 | D:1      | 306 ||| Stepping ~*~*~tactically~*~*~ (hiding).
   312 | D:1      | Reached skill level 4 in Unarmed Combat
   418 | D:1      | 418 ||| Stepping ~*~*~tactically~*~*~ (stealth).
   421 | D:1      | 421 ||| Stepping ~*~*~tactically~*~*~ (stealth).
   561 | D:1      | Reached XP level 3. HP: 36/36 MP: 3/3
   573 | D:1      | 573 ||| Stepping ~*~*~tactically~*~*~ (hiding).
   640 | D:1      | Found a faded altar of an unknown god.
   677 | D:1      | 677 ||| Stepping ~*~*~tactically~*~*~ (stealth).
   763 | D:1      | 763 ||| UPGRADING to amulet of guardian spirit.
   768 | D:1      | 768 ||| READING scroll labelled ZYUXOYQASET.
   769 | D:1      | 769 ||| READING scroll labelled NIGUOC FYTAEN.
   873 | D:2      | 873 ||| Stepping ~*~*~tactically~*~*~ (stealth).
   875 | D:2      | 875 ||| Stepping ~*~*~tactically~*~*~ (stealth).
   877 | D:2      | 877 ||| Stepping ~*~*~tactically~*~*~ (stealth).
   897 | D:2      | 897 ||| Stepping ~*~*~tactically~*~*~ (hiding).
   898 | D:2      | 898 ||| Stepping ~*~*~tactically~*~*~ (hiding).
  1061 | D:2      | 1061 ||| Stepping ~*~*~tactically~*~*~ (stealth).
  1063 | D:2      | 1063 ||| Stepping ~*~*~tactically~*~*~ (stealth).
  1067 | D:2      | 1067 ||| Stepping ~*~*~tactically~*~*~ (stealth).
  1071 | D:2      | Reached XP level 4. HP: 44/44 MP: 4/4
  1076 | D:2      | 1076 ||| Stepping ~*~*~tactically~*~*~ (hiding).
  1104 | D:2      | Reached skill level 5 in Unarmed Combat
  1405 | D:2      | 1405 ||| READING scroll labelled WIUGRE UMIBOUT.
  1406 | D:2      | 1406 ||| READING scroll labelled ODADIPP QOTHA.
  1407 | D:2      | 1407 ||| READING scroll labelled EPSEOM GEIB.
  1408 | D:2      | 1408 ||| READING scroll labelled JEAWAU BECODD.
  1411 | D:2      | 1411 ||| DRINKING 2 golden potions.
  1560 | D:3      | Found a radiant altar of Vehumet.
  1617 | D:3      | Found an ancient bone altar of Kikubaaqudgha.
  1810 | D:3      | Found a hide-covered altar of Uskayaw.
  1885 | D:3      | Found a glowing golden altar of the Shining One.
  1885 | D:3      | Found a broken altar of Ashenzari.
  1920 | D:3      | Found an opulent altar of Gozag.
  2261 | D:3      | Found Suiviu's General Store.
  2269 | D:3      | 2269 ||| BUYING scroll of brand weapon (114 gold).
  2269 | D:3      | Bought a scroll of brand weapon for 114 gold pieces
  2269 | D:3      | 2269 ||| BUYING scroll of identify (24 gold).
  2269 | D:3      | Bought a scroll of identify for 24 gold pieces
  2327 | D:3      | 2327 ||| UPGRADING to +0 cloak.
  2332 | D:3      | 2332 ||| READING scroll labelled JEESIS TUFESCH.
  2333 | D:3      | 2333 ||| READING scroll labelled TIYTACUOJI.
  2334 | D:3      | 2334 ||| DRINKING 2 fizzy silvery potions.
  2335 | D:3      | 2335 ||| READING 8 scrolls of identify.
  2335 | D:3      | 2335 ||| IDENTIFYING orange potion
  2336 | D:3      | 2336 ||| READING 7 scrolls of identify.
  2336 | D:3      | 2336 ||| IDENTIFYING fizzy green potion
  2337 | D:3      | 2337 ||| READING 6 scrolls of identify.
  2337 | D:3      | 2337 ||| IDENTIFYING smoky clear potion
  2338 | D:3      | 2338 ||| DROPPING potion of attraction.
  2339 | D:3      | 2339 ||| DROPPING potion of brilliance.
  2340 | D:3      | 2340 ||| DROPPING potion of flight.
  2341 | D:3      | 2341 ||| DROPPING potion of lignification.
  2379 | D:4      | 2379 ||| STAIRDANCE
  2396 | D:4      | Reached XP level 5. HP: 50/50 MP: 5/5
  2492 | D:4      | 2492 ||| Stepping ~*~*~tactically~*~*~ (hiding).
  2503 | D:4      | Reached skill level 6 in Unarmed Combat
  2549 | D:4      | 2549 ||| INVOKING Fiery Armour.
  2587 | D:4      | 2587 ||| Stepping ~*~*~tactically~*~*~ (hiding).
  2591 | D:4      | 2591 ||| Stepping ~*~*~tactically~*~*~ (outnumbered).
  2593 | D:4      | 2593 ||| DRINKING 2 potions of curing.
  2593 | D:4      | 2593 ||| (to cure confusion)
  2595 | D:4      | Reached XP level 6. HP: 47/59 MP: 4/6
  2597 | D:4      | 2597 ||| Stepping ~*~*~tactically~*~*~ (outnumbered).
  2599 | D:4      | Reached skill level 7 in Unarmed Combat
  2604 | D:4      | 2604 ||| DRINKING potion of curing.
  2604 | D:4      | 2604 ||| (to cure confusion)
  2605 | D:4      | 2605 ||| Stepping ~*~*~tactically~*~*~ (outnumbered).
  2610 | D:4      | 2610 ||| Stepping ~*~*~tactically~*~*~ (outnumbered).
  2613 | D:4      | 2613 ||| Stepping ~*~*~tactically~*~*~ (outnumbered).
  2729 | D:4      | 2729 ||| Stepping ~*~*~tactically~*~*~ (hiding).
  3266 | D:4      | Found a snail-covered altar of Cheibriados.
  3292 | D:4      | 3292 ||| UPGRADING to ring of resist corrosion.
  3293 | D:4      | 3293 ||| READING 5 scrolls of identify.
  3293 | D:4      | 3293 ||| IDENTIFYING viscous puce potion
  3294 | D:4      | 3294 ||| READING 4 scrolls of identify.
  3294 | D:4      | 3294 ||| IDENTIFYING purple potion
  3335 | D:5      | Entered Level 5 of the Dungeon
  3503 | D:5      | 3503 ||| Stepping ~*~*~tactically~*~*~ (stealth).
  3504 | D:5      | 3504 ||| Stepping ~*~*~tactically~*~*~ (stealth).
  3505 | D:5      | 3505 ||| Stepping ~*~*~tactically~*~*~ (stealth).
  3526 | D:5      | Noticed an orc warrior
  3527 | D:5      | 3527 ||| INVOKING Fiery Armour.
  3534 | D:5      | 3534 ||| Stepping ~*~*~tactically~*~*~ (outnumbered).
  3536 | D:5      | 3536 ||| Stepping ~*~*~tactically~*~*~ (outnumbered).
  3537 | D:5      | 3537 ||| Stepping ~*~*~tactically~*~*~ (outnumbered).
  3540 | D:5      | Killed an orc warrior
  3541 | D:5      | Reached skill level 8 in Unarmed Combat
  3541 | D:5      | Reached XP level 7. HP: 64/66 MP: 5/7
  3664 | D:5      | Reached skill level 3 in Fighting
  3689 | D:5      | Found a staircase to the Ecumenical Temple.
  4123 | D:5      | 4123 ||| UPGRADING to +1 robe of fire resistance.
  4133 | D:5      | 4133 ||| DROPPING +0 robe.
  4134 | D:5      | 4134 ||| DRINKING 2 clear potions.
  4135 | D:5      | 4135 ||| READING 4 scrolls of identify.
  4135 | D:5      | 4135 ||| IDENTIFYING murky clear potion
  4136 | D:5      | 4136 ||| DROPPING potion of magic.
  4147 | D:6      | 4147 ||| PLANNING SEWER
  4179 | D:6      | 4179 ||| Stepping ~*~*~tactically~*~*~ (hiding).
  4226 | D:6      | Reached skill level 9 in Unarmed Combat
  4306 | D:6      | Reached skill level 1 in Throwing
  4309 | D:6      | 4309 ||| Stepping ~*~*~tactically~*~*~ (stealth).
  4335 | D:6      | Reached XP level 8. HP: 75/75 MP: 8/8
  4388 | D:6      | Noticed Maggie
  4389 | D:6      | 4389 ||| Stepping ~*~*~tactically~*~*~ (hiding).
  4392 | D:6      | 4392 ||| Stepping ~*~*~tactically~*~*~ (hiding).
  4401 | D:6      | 4401 ||| INVOKING Fiery Armour.
  4405 | D:6      | Killed Maggie
  4406 | D:6      | Reached skill level 3 in Dodging
  4412 | D:6      | 4412 ||| FLEEEEING.
  4413 | D:6      | 4413 ||| FLEEEEING.
  4414 | D:6      | 4414 ||| FLEEEEING.
  4418 | D:6      | 4418 ||| FLEEEEING.
  4419 | D:6      | 4419 ||| FLEEEEING.
  4420 | D:6      | 4420 ||| FLEEEEING.
  4421 | D:6      | 4421 ||| FLEEEEING.
  4422 | D:6      | 4422 ||| FLEEEEING.
  4423 | D:6      | 4423 ||| FLEEEEING.
  4424 | D:6      | 4424 ||| FLEEEEING.
  4425 | D:6      | 4425 ||| FLEEEEING.
  4426 | D:6      | 4426 ||| FLEEEEING.
  4427 | D:6      | 4427 ||| FLEEEEING.
  4428 | D:6      | 4428 ||| FLEEEEING.
  4429 | D:6      | 4429 ||| FLEEEEING.
  4436 | D:6      | 4436 ||| FLEEEEING.
  4437 | D:6      | 4437 ||| FLEEEEING.
  4439 | D:6      | 4439 ||| FLEEEEING.
  4440 | D:6      | 4440 ||| FLEEEEING.
  4471 | D:6      | Found Beiq's General Store.
  4480 | D:6      | 4480 ||| SHOPLISTING +4 ring of evasion (504 gold, have
                  | 121).
  4480 | D:6      | 4480 ||| BUYING scroll of teleportation (42 gold).
  4480 | D:6      | Bought a scroll of teleportation for 42 gold pieces
  4585 | D:6      | Noticed Menkaure
  4586 | D:6      | 4586 ||| Stepping ~*~*~tactically~*~*~ (hiding).
  4594 | D:6      | Killed Menkaure
  4802 | D:6      | 4802 ||| Stepping ~*~*~tactically~*~*~ (stealth).
  4835 | D:6      | 4835 ||| RIP SEWER
  4839 | D:6      | 4839 ||| PLANNING D:1-11
  4945 | D:6      | Reached skill level 10 in Unarmed Combat
  5108 | D:6      | 5108 ||| UPGRADING to +2 steam dragon scales.
  5118 | D:6      | 5118 ||| DROPPING orb of mayhem.
  5119 | D:6      | 5119 ||| READING 7 scrolls of identify.
  5119 | D:6      | 5119 ||| IDENTIFYING amethyst potion
  5130 | D:7      | 5130 ||| STAIRDANCE
  5137 | D:6      | Reached skill level 1 in Armour
  5152 | D:7      | 5152 ||| STAIRDANCE
  5224 | D:7      | 5224 ||| Stepping ~*~*~tactically~*~*~ (stealth).
  5235 | D:7      | Reached XP level 9. HP: 84/84 MP: 9/9
  5554 | D:7      | 5554 ||| DRINKING 2 potions of curing.
  5554 | D:7      | 5554 ||| (to cure confusion)
  5556 | D:7      | 5556 ||| Stepping ~*~*~tactically~*~*~ (hiding).
  5560 | D:7      | 5560 ||| Stepping ~*~*~tactically~*~*~ (outnumbered).
  5731 | D:7      | 5731 ||| READING scroll labelled DAFUBULOUPE.
  5800 | D:8      | Found a staircase to the Lair.
  5800 | D:8      | Noticed an elephant
  5801 | D:8      | 5801 ||| Stepping ~*~*~tactically~*~*~ (hiding).
  5803 | D:8      | 5803 ||| Stepping ~*~*~tactically~*~*~ (hiding).
  5812 | D:8      | Killed an elephant
  5813 | D:8      | Reached skill level 11 in Unarmed Combat
  5834 | D:8      | 5834 ||| INVOKING Fiery Armour.
  5926 | D:8      | 5926 ||| Stepping ~*~*~tactically~*~*~ (outnumbered).
  5927 | D:8      | 5927 ||| Stepping ~*~*~tactically~*~*~ (outnumbered).
  5933 | D:8      | 5933 ||| Stepping ~*~*~tactically~*~*~ (outnumbered).
  5934 | D:8      | 5934 ||| Stepping ~*~*~tactically~*~*~ (outnumbered).
  5984 | D:8      | 5984 ||| Stepping ~*~*~tactically~*~*~ (stealth).
  5994 | D:8      | Reached skill level 12 in Unarmed Combat
  5995 | D:8      | 5995 ||| Stepping ~*~*~tactically~*~*~ (hiding).
  5996 | D:8      | 5996 ||| Stepping ~*~*~tactically~*~*~ (hiding).
  6015 | D:8      | 6015 ||| Stepping ~*~*~tactically~*~*~ (stealth).
  6070 | D:8      | 6070 ||| Stepping ~*~*~tactically~*~*~ (hiding).
  6073 | D:8      | 6073 ||| INVOKING Fiery Armour.
  6079 | D:8      | 6079 ||| Stepping ~*~*~tactically~*~*~ (outnumbered).
  6082 | D:8      | 6082 ||| Stepping ~*~*~tactically~*~*~ (outnumbered).
  6083 | D:8      | 6083 ||| Stepping ~*~*~tactically~*~*~ (hiding).
  6230 | D:8      | Noticed Grum
  6231 | D:8      | 6231 ||| INVOKING Fiery Armour.
  6241 | D:8      | Killed Grum
  6334 | D:8      | Noticed Erica
  6341 | D:8      | Killed Erica
  6342 | D:8      | Reached XP level 10. HP: 96/96 MP: 10/10
  6362 | D:8      | Noticed Joseph
  6365 | D:8      | 6365 ||| FLEEEEING.
  6376 | D:8      | Killed Joseph
  6377 | D:8      | Reached skill level 13 in Unarmed Combat
  6694 | D:8      | 6694 ||| PLANNING LAIR
  6694 | D:8      | 6694 ||| READING 6 scrolls of identify.
  6694 | D:8      | 6694 ||| IDENTIFYING puce potion
  6727 | Lair:1   | Entered Level 1 of the Lair of Beasts
  6830 | Lair:1   | Noticed a black mamba
  6839 | Lair:1   | 6839 ||| INVOKING Fiery Armour.
  6843 | Lair:1   | HP: 23/96 [poisoned by a black mamba]
  6844 | Lair:1   | 6844 ||| READING 2 scrolls of teleportation.
  6844 | Lair:1   | Killed a black mamba
  6846 | Lair:1   | HP: 11/96 [poisoned by a black mamba]
  6851 | Lair:1   | HP: 10/96 [poisoned by a black mamba]
  6950 | Lair:1   | 6950 ||| Stepping ~*~*~tactically~*~*~ (hiding).
  6952 | Lair:1   | 6952 ||| Stepping ~*~*~tactically~*~*~ (hiding).
  6952 | Lair:1   | Noticed a seven-headed hydra
  6953 | Lair:1   | 6953 ||| INVOKING Fiery Armour.
  6954 | Lair:1   | 6954 ||| Stepping ~*~*~tactically~*~*~ (hiding).
  6961 | Lair:1   | Killed an 11-headed hydra
  6962 | Lair:1   | Reached skill level 14 in Unarmed Combat
  7089 | Lair:1   | Noticed a cane toad
  7091 | Lair:1   | 7091 ||| INVOKING Fiery Armour.
  7093 | Lair:1   | Killed a cane toad
  7094 | Lair:1   | Reached skill level 6 in Fighting
  7171 | Lair:1   | 7171 ||| Stepping ~*~*~tactically~*~*~ (stealth).
  7175 | Lair:1   | 7175 ||| Stepping ~*~*~tactically~*~*~ (outnumbered).
  7330 | Lair:1   | 7330 ||| Stepping ~*~*~tactically~*~*~ (stealth).
  7332 | Lair:1   | 7332 ||| Stepping ~*~*~tactically~*~*~ (stealth).
  7337 | Lair:1   | 7337 ||| Stepping ~*~*~tactically~*~*~ (stealth).
  7338 | Lair:1   | 7338 ||| Stepping ~*~*~tactically~*~*~ (outnumbered).
  7339 | Lair:1   | 7339 ||| Stepping ~*~*~tactically~*~*~ (outnumbered).
  7340 | Lair:1   | 7340 ||| Stepping ~*~*~tactically~*~*~ (outnumbered).
  7342 | Lair:1   | 7342 ||| Stepping ~*~*~tactically~*~*~ (outnumbered).
  7343 | Lair:1   | 7343 ||| Stepping ~*~*~tactically~*~*~ (outnumbered).
  7344 | Lair:1   | 7344 ||| Stepping ~*~*~tactically~*~*~ (outnumbered).
  7345 | Lair:1   | 7345 ||| Stepping ~*~*~tactically~*~*~ (outnumbered).
  7346 | Lair:1   | 7346 ||| Stepping ~*~*~tactically~*~*~ (outnumbered).
  7347 | Lair:1   | 7347 ||| Stepping ~*~*~tactically~*~*~ (outnumbered).
  7354 | Lair:1   | Reached XP level 11. HP: 91/105 MP: 8/11
  7447 | Lair:1   | 7447 ||| INVOKING Fiery Armour.
  7452 | Lair:1   | Reached skill level 15 in Unarmed Combat
  7947 | Lair:1   | 7947 ||| DROPPING amulet of magic regeneration.
  7948 | Lair:1   | 7948 ||| DROPPING ring of wizardry.
  7949 | Lair:1   | 7949 ||| READING scroll labelled ZOSCHE WUTASECH.
  7950 | Lair:1   | 7950 ||| READING scroll labelled QYXIG TOMUICVI.
  7951 | Lair:1   | 7951 ||| READING 3 scrolls labelled ISIKKO GAOSOID.
  7952 | Lair:1   | 7952 ||| DROPPING 2 scrolls of noise.
  8002 | Lair:2   | 8002 ||| Stepping ~*~*~tactically~*~*~ (outnumbered).
  8076 | Lair:2   | 8076 ||| Stepping ~*~*~tactically~*~*~ (stealth).
  8147 | Lair:2   | 8147 ||| Stepping ~*~*~tactically~*~*~ (stealth).
  8177 | Lair:2   | 8177 ||| Stepping ~*~*~tactically~*~*~ (stealth).
  8178 | Lair:2   | 8178 ||| Stepping ~*~*~tactically~*~*~ (stealth).
  8197 | Lair:2   | Noticed a four-headed hydra
  8198 | Lair:2   | 8198 ||| INVOKING Fiery Armour.
  8203 | Lair:2   | Killed a six-headed hydra
  8204 | Lair:2   | Reached skill level 3 in Throwing
  8756 | Lair:2   | 8756 ||| UPGRADING to ring of poison resistance.
  8787 | Lair:3   | 8787 ||| Stepping ~*~*~tactically~*~*~ (hiding).
  8915 | Lair:3   | Found a staircase to the Snake Pit.
  8916 | Lair:3   | 8916 ||| Stepping ~*~*~tactically~*~*~ (hiding).
  8917 | Lair:3   | 8917 ||| Stepping ~*~*~tactically~*~*~ (hiding).
  8921 | Lair:3   | 8921 ||| Stepping ~*~*~tactically~*~*~ (hiding).
  9014 | Lair:3   | 9014 ||| Stepping ~*~*~tactically~*~*~ (hiding).
  9015 | Lair:3   | 9015 ||| Stepping ~*~*~tactically~*~*~ (hiding).
  9016 | Lair:3   | 9016 ||| Stepping ~*~*~tactically~*~*~ (hiding).
  9028 | Lair:3   | Noticed a bog body
  9029 | Lair:3   | 9029 ||| Stepping ~*~*~tactically~*~*~ (hiding).
  9031 | Lair:3   | 9031 ||| Stepping ~*~*~tactically~*~*~ (hiding).
  9031 | Lair:3   | Found a staircase to the Swamp.
  9031 | Lair:3   | Noticed a bog body
  9032 | Lair:3   | 9032 ||| Stepping ~*~*~tactically~*~*~ (hiding).
  9036 | Lair:3   | 9036 ||| Stepping ~*~*~tactically~*~*~ (outnumbered).
  9042 | Lair:3   | Killed a bog body
  9043 | Lair:3   | Reached skill level 6 in Throwing
  9045 | Lair:3   | Killed a bog body
  9210 | Lair:3   | Reached skill level 16 in Unarmed Combat
  9249 | Lair:3   | 9249 ||| Stepping ~*~*~tactically~*~*~ (hiding).
  9303 | Lair:3   | 9303 ||| Stepping ~*~*~tactically~*~*~ (stealth).
  9319 | Lair:3   | 9319 ||| Stepping ~*~*~tactically~*~*~ (stealth).
  9404 | Lair:3   | 9404 ||| Stepping ~*~*~tactically~*~*~ (outnumbered).
  9405 | Lair:3   | 9405 ||| Stepping ~*~*~tactically~*~*~ (outnumbered).
  9408 | Lair:3   | 9408 ||| Stepping ~*~*~tactically~*~*~ (outnumbered).
  9410 | Lair:3   | 9410 ||| Stepping ~*~*~tactically~*~*~ (outnumbered).
  9411 | Lair:3   | 9411 ||| Stepping ~*~*~tactically~*~*~ (outnumbered).
  9412 | Lair:3   | 9412 ||| Stepping ~*~*~tactically~*~*~ (outnumbered).
  9415 | Lair:3   | 9415 ||| Stepping ~*~*~tactically~*~*~ (outnumbered).
  9421 | Lair:3   | Reached XP level 12. HP: 96/115 MP: 9/12
  9453 | Lair:3   | Noticed a boulder beetle
  9454 | Lair:3   | 9454 ||| Stepping ~*~*~tactically~*~*~ (stealth).
  9456 | Lair:3   | 9456 ||| INVOKING Fiery Armour.
  9474 | Lair:3   | Killed a boulder beetle
  9676 | Lair:3   | 9676 ||| Stepping ~*~*~tactically~*~*~ (outnumbered).
  9677 | Lair:3   | 9677 ||| Stepping ~*~*~tactically~*~*~ (outnumbered).
  9678 | Lair:3   | 9678 ||| Stepping ~*~*~tactically~*~*~ (outnumbered).
  9679 | Lair:3   | 9679 ||| Stepping ~*~*~tactically~*~*~ (outnumbered).
  9680 | Lair:3   | 9680 ||| Stepping ~*~*~tactically~*~*~ (outnumbered).
  9681 | Lair:3   | 9681 ||| Stepping ~*~*~tactically~*~*~ (outnumbered).
  9682 | Lair:3   | 9682 ||| Stepping ~*~*~tactically~*~*~ (outnumbered).
  9683 | Lair:3   | 9683 ||| Stepping ~*~*~tactically~*~*~ (outnumbered).
  9688 | Lair:3   | 9688 ||| Stepping ~*~*~tactically~*~*~ (outnumbered).
  9689 | Lair:3   | 9689 ||| Stepping ~*~*~tactically~*~*~ (outnumbered).
  9690 | Lair:3   | 9690 ||| Stepping ~*~*~tactically~*~*~ (outnumbered).
  9691 | Lair:3   | 9691 ||| Stepping ~*~*~tactically~*~*~ (outnumbered).
  9692 | Lair:3   | 9692 ||| Stepping ~*~*~tactically~*~*~ (outnumbered).
  9693 | Lair:3   | 9693 ||| Stepping ~*~*~tactically~*~*~ (outnumbered).
  9696 | Lair:3   | 9696 ||| Stepping ~*~*~tactically~*~*~ (outnumbered).
  9697 | Lair:3   | 9697 ||| Stepping ~*~*~tactically~*~*~ (outnumbered).
  9698 | Lair:3   | 9698 ||| Stepping ~*~*~tactically~*~*~ (outnumbered).
  9699 | Lair:3   | 9699 ||| Stepping ~*~*~tactically~*~*~ (outnumbered).
  9700 | Lair:3   | 9700 ||| Stepping ~*~*~tactically~*~*~ (outnumbered).
  9701 | Lair:3   | 9701 ||| Stepping ~*~*~tactically~*~*~ (outnumbered).
  9702 | Lair:3   | 9702 ||| Stepping ~*~*~tactically~*~*~ (outnumbered).
  9703 | Lair:3   | 9703 ||| Stepping ~*~*~tactically~*~*~ (outnumbered).
  9704 | Lair:3   | 9704 ||| Stepping ~*~*~tactically~*~*~ (outnumbered).
  9705 | Lair:3   | 9705 ||| Stepping ~*~*~tactically~*~*~ (outnumbered).
  9706 | Lair:3   | 9706 ||| Stepping ~*~*~tactically~*~*~ (outnumbered).
  9709 | Lair:3   | 9709 ||| Stepping ~*~*~tactically~*~*~ (outnumbered).
  9711 | Lair:3   | 9711 ||| Stepping ~*~*~tactically~*~*~ (outnumbered).
  9712 | Lair:3   | 9712 ||| Stepping ~*~*~tactically~*~*~ (outnumbered).
  9713 | Lair:3   | 9713 ||| Stepping ~*~*~tactically~*~*~ (outnumbered).
  9714 | Lair:3   | 9714 ||| Stepping ~*~*~tactically~*~*~ (outnumbered).
  9715 | Lair:3   | 9715 ||| Stepping ~*~*~tactically~*~*~ (outnumbered).
  9716 | Lair:3   | 9716 ||| Stepping ~*~*~tactically~*~*~ (outnumbered).
 10027 | Lair:3   | 10027 ||| PLANNING TEMPLE
 10158 | Temple   | Entered the Ecumenical Temple
 10213 | Temple   | 10213 ||| PLANNING CONVERSION TO OKAWARU
 10216 | Temple   | Fell from the grace of Ignis
 10216 | Temple   | Became a worshipper of Warmaster Okawaru
 10217 | Temple   | 10217 ||| PLANNING LAIR
 10217 | Temple   | 10217 ||| REMOVING amulet of guardian spirit.
 10222 | Temple   | 10222 ||| DROPPING amulet of guardian spirit.
 10358 | Lair:4   | Noticed a boulder beetle
 10359 | Lair:4   | 10359 ||| Stepping ~*~*~tactically~*~*~ (hiding).
 10360 | Lair:4   | 10360 ||| Stepping ~*~*~tactically~*~*~ (hiding).
 10371 | Lair:4   | 10371 ||| FLEEEEING.
 10372 | Lair:4   | 10372 ||| STAIRDANCE
 10391 | Lair:4   | Killed a boulder beetle
 10392 | Lair:4   | 10392 ||| STAIRDANCE
 10424 | Lair:4   | 10424 ||| Stepping ~*~*~tactically~*~*~ (stealth).
 10436 | Lair:4   | Noticed an ice dragon
 10439 | Lair:4   | 10439 ||| Stepping ~*~*~tactically~*~*~ (outnumbered).
 10440 | Lair:4   | 10440 ||| Stepping ~*~*~tactically~*~*~ (outnumbered).
 10441 | Lair:4   | 10441 ||| Stepping ~*~*~tactically~*~*~ (outnumbered).
 10442 | Lair:4   | 10442 ||| Stepping ~*~*~tactically~*~*~ (hiding).
 10446 | Lair:4   | Reached * piety under Okawaru
 10447 | Lair:4   | 10447 ||| INVOKING Heroism.
 10448 | Lair:4   | 10448 ||| Stepping ~*~*~tactically~*~*~ (outnumbered).
 10449 | Lair:4   | 10449 ||| Stepping ~*~*~tactically~*~*~ (outnumbered).
 10454 | Lair:4   | HP: 4/118 [ice dragon/blast of cold (43)]
 10455 | Lair:4   | 10455 ||| READING scroll of teleportation.
 10456 | Lair:4   | 10456 ||| DRINKING 5 potions of heal wounds.
 10457 | Lair:4   | 10457 ||| DRINKING 4 potions of heal wounds.
 10458 | Lair:4   | 10458 ||| DRINKING 3 potions of heal wounds.
 10459 | Lair:4   | 10459 ||| INVOKING Heroism.
 10465 | Lair:4   | Reached skill level 1 in Invocations
 10561 | Lair:4   | Identified the +10 hand axe "Foyss" {venom, rN+}
 10660 | Lair:4   | 10660 ||| Stepping ~*~*~tactically~*~*~ (stealth).
 10662 | Lair:4   | 10662 ||| Stepping ~*~*~tactically~*~*~ (stealth).
 10663 | Lair:4   | 10663 ||| INVOKING Heroism.
 10670 | Lair:4   | 10670 ||| Stepping ~*~*~tactically~*~*~ (outnumbered).
 10671 | Lair:4   | 10671 ||| Stepping ~*~*~tactically~*~*~ (outnumbered).
 10676 | Lair:4   | 10676 ||| Stepping ~*~*~tactically~*~*~ (outnumbered).
 10678 | Lair:4   | 10678 ||| Stepping ~*~*~tactically~*~*~ (outnumbered).
 10683 | Lair:4   | HP: 23/109 [hell rat (6)]
 10684 | Lair:4   | 10684 ||| READING scroll of teleportation.
 10685 | Lair:4   | 10685 ||| DRINKING 2 potions of heal wounds.
 10686 | Lair:4   | 10686 ||| INVOKING Heroism.
 10688 | Lair:4   | HP: 13/105 [dire elephant simulacrum (20)]
 10689 | Lair:4   | 10689 ||| DRINKING potion of heal wounds.
 10713 | Lair:4   | 10713 ||| INVOKING Heroism.
 10728 | Lair:4   | 10728 ||| INVOKING Heroism.
 10732 | Lair:4   | 10732 ||| Stepping ~*~*~tactically~*~*~ (cloud).
 10737 | Lair:4   | Killed an ice dragon
 10760 | Lair:4   | 10760 ||| INVOKING Heroism.
 10790 | Lair:4   | 10790 ||| Stepping ~*~*~tactically~*~*~ (hiding).
 10791 | Lair:4   | 10791 ||| FLEEEEING.
 10792 | Lair:4   | 10792 ||| Stepping ~*~*~tactically~*~*~ (hiding).
 10800 | Lair:4   | Reached skill level 3 in Invocations
 10817 | Lair:4   | Noticed an eight-headed hydra
 10818 | Lair:4   | 10818 ||| INVOKING Heroism.
 10897 | Lair:4   | 10897 ||| INVOKING Heroism.
 10904 | Lair:4   | Killed a nine-headed hydra
 10950 | Lair:4   | 10950 ||| INVOKING Heroism.
 10962 | Lair:4   | 10962 ||| Stepping ~*~*~tactically~*~*~ (stealth).
 10963 | Lair:4   | 10963 ||| Stepping ~*~*~tactically~*~*~ (stealth).
 10967 | Lair:4   | Reached ** piety under Okawaru
 10973 | Lair:4   | 10973 ||| Stepping ~*~*~tactically~*~*~ (stealth).
 10975 | Lair:4   | 10975 ||| Stepping ~*~*~tactically~*~*~ (stealth).
 11021 | Lair:4   | 11021 ||| Stepping ~*~*~tactically~*~*~ (stealth).
 11023 | Lair:4   | 11023 ||| Stepping ~*~*~tactically~*~*~ (stealth).
 11058 | Lair:4   | 11058 ||| Stepping ~*~*~tactically~*~*~ (stealth).
 11061 | Lair:4   | 11061 ||| Stepping ~*~*~tactically~*~*~ (stealth).
 11062 | Lair:4   | 11062 ||| Stepping ~*~*~tactically~*~*~ (stealth).
 11063 | Lair:4   | 11063 ||| Stepping ~*~*~tactically~*~*~ (stealth).
 11064 | Lair:4   | 11064 ||| Stepping ~*~*~tactically~*~*~ (stealth).
 11067 | Lair:4   | 11067 ||| INVOKING Heroism.
 11068 | Lair:4   | 11068 ||| Stepping ~*~*~tactically~*~*~ (outnumbered).
 11070 | Lair:4   | 11070 ||| Stepping ~*~*~tactically~*~*~ (outnumbered).
 11075 | Lair:4   | 11075 ||| Stepping ~*~*~tactically~*~*~ (outnumbered).
 11076 | Lair:4   | 11076 ||| Stepping ~*~*~tactically~*~*~ (outnumbered).
 11077 | Lair:4   | 11077 ||| Stepping ~*~*~tactically~*~*~ (outnumbered).
 11078 | Lair:4   | 11078 ||| Stepping ~*~*~tactically~*~*~ (outnumbered).
 11079 | Lair:4   | 11079 ||| Stepping ~*~*~tactically~*~*~ (outnumbered).
 11083 | Lair:4   | 11083 ||| Stepping ~*~*~tactically~*~*~ (outnumbered).
 11084 | Lair:4   | 11084 ||| Stepping ~*~*~tactically~*~*~ (outnumbered).
 11085 | Lair:4   | 11085 ||| Stepping ~*~*~tactically~*~*~ (outnumbered).
 11088 | Lair:4   | Reached skill level 17 in Unarmed Combat
 11091 | Lair:4   | 11091 ||| INVOKING Heroism.
 11231 | Lair:4   | 11231 ||| Stepping ~*~*~tactically~*~*~ (outnumbered).
 11371 | Lair:4   | Found a runed translucent door.
 11371 | Lair:4   | Found a viscous altar of Jiyva.
 11372 | Lair:4   | Found a staircase to the Slime Pits.
 11372 | Lair:4   | Noticed an azure jelly
 11373 | Lair:4   | Noticed an azure jelly
 11404 | Lair:4   | 11404 ||| INVOKING Heroism.
 11518 | Lair:5   | Entered Level 5 of the Lair of Beasts
 11519 | Lair:5   | 11519 ||| STAIRDANCE
 11525 | Lair:5   | 11525 ||| STAIRDANCE
 11527 | Lair:4   | 11527 ||| INVOKING Heroism.
 11549 | Lair:4   | 11549 ||| Stepping ~*~*~tactically~*~*~ (outnumbered).
 11555 | Lair:4   | 11555 ||| INVOKING Heroism.
 11639 | Lair:5   | 11639 ||| Stepping ~*~*~tactically~*~*~ (hiding).
 11641 | Lair:5   | 11641 ||| STAIRDANCE
 11753 | Lair:5   | 11753 ||| STAIRDANCE
 11765 | Lair:5   | 11765 ||| INVOKING Heroism.
 11768 | Lair:5   | 11768 ||| STAIRDANCE
 11847 | Lair:5   | 11847 ||| Stepping ~*~*~tactically~*~*~ (outnumbered).
 11865 | Lair:5   | 11865 ||| INVOKING Heroism.
 11907 | Lair:5   | Noticed a four-headed hydra
 11908 | Lair:5   | 11908 ||| INVOKING Heroism.
 11918 | Lair:5   | Killed a six-headed hydra
 11924 | Lair:5   | 11924 ||| Stepping ~*~*~tactically~*~*~ (stealth).
 11963 | Lair:5   | 11963 ||| INVOKING Heroism.
 11974 | Lair:5   | Reached XP level 13. HP: 124/124 MP: 13/15
 11985 | Lair:5   | Reached *** piety under Okawaru
 11992 | Lair:5   | 11992 ||| INVOKING Heroism.
 12019 | Lair:5   | 12019 ||| Stepping ~*~*~tactically~*~*~ (stealth).
 12020 | Lair:5   | 12020 ||| INVOKING Heroism.
 12022 | Lair:5   | Reached skill level 18 in Unarmed Combat
 12041 | Lair:5   | 12041 ||| Stepping ~*~*~tactically~*~*~ (outnumbered).
 12042 | Lair:5   | 12042 ||| Stepping ~*~*~tactically~*~*~ (outnumbered).
 12043 | Lair:5   | 12043 ||| Stepping ~*~*~tactically~*~*~ (outnumbered).
 12044 | Lair:5   | 12044 ||| Stepping ~*~*~tactically~*~*~ (outnumbered).
 12045 | Lair:5   | 12045 ||| Stepping ~*~*~tactically~*~*~ (outnumbered).
 12046 | Lair:5   | 12046 ||| Stepping ~*~*~tactically~*~*~ (outnumbered).
 12051 | Lair:5   | 12051 ||| INVOKING Heroism.
 12052 | Lair:5   | 12052 ||| Stepping ~*~*~tactically~*~*~ (outnumbered).
 12053 | Lair:5   | 12053 ||| Stepping ~*~*~tactically~*~*~ (outnumbered).
 12105 | Lair:5   | 12105 ||| INVOKING Heroism.
 12250 | Lair:5   | 12250 ||| INVOKING Heroism.
 12264 | Lair:5   | HP: 23/127 [guardian serpent (15)]
 12264 | Lair:5   | HP: 3/127 [redback (9)]
 12265 | Lair:5   | Succumbed to a redback's poison

Levels and vault maps discovered:
D:1:      ncdulo_smallfort, layout_loops_ring,
          ebering_ecumenical_altar_sacrificial
D:2:      layout_loops_ring, minmay_small_reverse_x
D:3:      layout_loops_ring, vehumet_crystals, lemuel_doored_altar,
          kiku_gazebo_garden_becter,
          nicolae_gozag_cash_rules_everything_around_me,
          nicolae_overflow_two_pavilions, serial_shops, nicolae_square_shop,
          minmay_pentangle
D:4:      layout_layer_cave, chei_slow_surprise, st_stairs_2,
          minmay_stone_trees_small
D:5:      nicolae_cairo_tiling_very_big, layout_basic, minmay_temple_entry_grid
D:6:      layout_gridville, serial_shops, nicolae_shop_waterfront,
          gup_sewer_entry_bubbles, corner_web_ring, hangedman_decor_push,
          uniq_maggie, uniq_menkaure
D:7:      layout_basic
D:8:      layout_cave_pods, david_lair_generic, minmay_quadrilaterals,
          uniq_erica, uniq_grum, uniq_joseph
Temple:   nicolae_temple_god_jail
Lair:1:   layout_regular_city, nicolae_quartered_pool_impasse,
          chequers_serial_rivers_large_b, grunt_megastairs_3,
          infiniplex_staircase_pool_2, serial_bayou_shore_b,
          serial_bayou_shore_b
Lair:2:   layout_loops_ring
Lair:3:   layout_regular_city, skrybe_swamp_entry_bodies,
          guppyfry_snake_entry_island, chequers_serial_rivers_small_b
Lair:4:   dreamdust_isle_of_ice, layout_long_grid, slime_entry_2
Lair:5:   hangedman_lair_caniforms_friends, layout_cave_pods,
          hangedman_lair_tendril_chambers, pond

Skill      XL: |  1  2  3  4  5  6  7  8  9 10 11 12 13 |
---------------+----------------------------------------+-----
Unarmed Combat | 4 5 6 8 9 10 12 14 16 17 18 | 18.0
Fighting       | 3 4 5 6 7 8 |  8.0
Throwing       | 1 6 7 |  7.1
Dodging        | 3 |  3.2
Armour         | 1 2 |  2.8
Invocations    | 4 |  4.1
Spellcasting   | |  1.0
Fire Magic     | |  2.1

Action                   |  1- 3 |  4- 6 |  7- 9 | 10-12 | 13-15 || total
-------------------------+-------+-------+-------+-------+-------++-------
Melee: Unarmed           |    86 |   166 |   191 |   427 |    52 ||   922
       Punch             |       |       |    11 |    27 |     3 ||    41
Throw: Boomerang         |       |    20 |    47 |    78 |       ||   145
       Large rock        |       |       |       |    34 |     3 ||    37
Invok: Fiery Armour      |       |     2 |     4 |     6 |       ||    12
       Heroism           |       |       |       |    19 |     5 ||    24
  Use: Scroll            |     2 |    11 |     3 |     7 |       ||    23
       Potion            |       |     4 |     2 |     5 |       ||    11
Armor: Robe              |    25 |    61 |    32 |       |       ||   118
       Steam dragon scal |       |       |    54 |   155 |    12 ||   221
Dodge: Dodged            |    16 |    54 |    72 |   154 |    22 ||   318

Table legend:
 A = Non-vault XP
 B = Vault XP
 C = Vault XP percentage of total XP
 D = Non-vault monster count
 E = Vault monster count
 F = Vault count percentage of total count
                 A         B        C        D         E       F
            +---------+---------+-------+---------+---------+-------
      Total |   29608 |   14403 |  32.7 |     238 |      79 |  24.9
            +---------+---------+-------+---------+---------+-------
        D:1 |      53 |       0 |   0.0 |      24 |       0 |   0.0
        D:2 |      51 |       7 |  12.1 |      17 |       4 |  19.0
        D:3 |      43 |      37 |  46.2 |      15 |       8 |  34.8
        D:4 |     385 |      44 |  10.3 |      29 |       2 |   6.5
        D:5 |     355 |       0 |   0.0 |      15 |       0 |   0.0
        D:6 |     805 |     638 |  44.2 |      10 |       9 |  47.4
        D:7 |     661 |       0 |   0.0 |      10 |       0 |   0.0
        D:8 |     429 |    3017 |  87.6 |      16 |      14 |  46.7
     Lair:1 |    5784 |     698 |  10.8 |      23 |       3 |  11.5
     Lair:2 |    3570 |       0 |   0.0 |      15 |       0 |   0.0
     Lair:3 |    5850 |    1669 |  22.2 |      21 |       4 |  16.0
     Lair:4 |    7591 |    3548 |  31.9 |      32 |      16 |  33.3
     Lair:5 |    4031 |    4745 |  54.1 |      11 |      19 |  63.3
            +---------+---------+-------+---------+---------+-------
